 Dungeon Crawl Stone Soup version 0.17.1-3-g152610e (webtiles) character file.

31 alexvicegrab the Conjurer (level 3, -1/16 HPs)
             Began as a Vine Stalker Conjurer on Apr 9, 2016.
             Was an Initiate of Ru.
             Slain by an adder (2 damage)
             ... on level 2 of the Dungeon.
             The game lasted 00:11:49 (1098 turns).

alexvicegrab the Conjurer (Vine Stalker Conjurer)   Turns: 1098, Time: 00:11:49

Health: -1/16      AC:  2    Str: 10    XL:     3   Next: 22%
Magic:  0/7        EV: 12    Int: 16    God:    Ru [......]
Gold:   26         SH:  0    Dex: 14    Spells: 3 memorised, 0 levels left

rFire  . . .     SeeInvis .     n - +1 hunting sling (flame)
rCold  . . .     Clarity  .     a - +0 robe
rNeg   . . .     SustAt   .     (no shield)
rPois  .         Gourm    .     (no helmet)
rElec  .         Spirit   +     (no cloak)
rCorr  .         Warding  .     (no gloves)
rMut   .         Rnd*Tele +     (no boots)
MR     .....                    (no amulet)
Stlth  ++........               i - ring of teleportation
                                (no ring)

@: lethally poisoned (-1 -> -1), not resistant to hostile enchantments,
unstealthy
A: fangs 2, regeneration 1, magic shield, antimagic bite, no device heal 3, rot
immunity
a: Renounce Religion, Evoke Teleportation


You were on level 2 of the Dungeon.
You worshipped Ru.
Ru was noncommittal.
You were not hungry.

You visited 1 branch of the dungeon, and saw 2 of its levels.

You collected 26 gold pieces.

Inventory:

Hand Weapons
 n - a +1 hunting sling of flaming (weapon)
Missiles
 e - 46 stones (quivered)
 m - 11 poisoned needles
Armour
 a - a +0 robe (worn)
Jewellery
 h - a -2 ring of dexterity
 i - a ring of teleportation (right hand)
Scrolls
 g - a scroll of teleportation
Potions
 d - 2 potions of heal wounds
 f - a potion of flight {unknown}
 l - a potion of curing {unknown}
Books
 b - a book of Conjurations

   Spells                             Type                      Level
   a - Magic Dart                     Conjuration                  1
   b - Searing Ray                    Conjuration                  2
   c - Dazzling Spray                 Conjuration/Hexes            3
   d - Fulminant Prism                Conjuration/Hexes            4
   e - Iskenderun's Mystic Blast      Conjuration                  4
   f - Iskenderun's Battlesphere      Conjuration/Charms           5
Comestibles
 c - 2 bread rations
 j - 3 fruits
 k - a slice of pizza


   Skills:
 + Level 1.9 Dodging
 + Level 2.6 Stealth
 + Level 2.3 Spellcasting
 + Level 4.6 Conjurations


You couldn't memorise any spells.
You knew the following spells:

 Your Spells              Type           Power        Failure   Level  Hunger
a - Magic Dart            Conj           ###.         3%          1    #......
b - Searing Ray           Conj           ###...       6%          2    ###....
c - Dazzling Spray        Conj/Hex       #.......     28%         3    ###....


Dungeon Overview and Level Annotations

Branches:
Dungeon (2/15)

Altars:
Dithmenos
Elyvilon
Makhleb
Okawaru
Ru
Xom


Innate Abilities, Weirdness & Mutations

You have extremely sharp teeth.
Your natural rate of healing is unusually fast.
When hurt, damage is shared between your health and your magic reserves.
Your bite disrupts and absorbs the magic of your enemies.
Potions and wands cannot restore your health.
You are immune to rotting.


Message History

The adder barely misses you. The adder bites you.
You are poisoned.
The adder poisons you!
You miss the adder.
The adder is severely wounded.
You feel sick. The adder bites you.
You closely miss the adder.
The adder is severely wounded.
You feel sick. The adder completely misses you. The adder barely misses you.
You clumsily bash the adder but do no damage.
The adder is severely wounded.
The adder bites you.
* * * LOW HITPOINT WARNING * * *
The adder closely misses you. The adder misses you.
You completely miss the adder.
The adder is severely wounded.
* * * LOW HITPOINT WARNING * * *
You feel sick. The adder bites you.
You die...

### ...### ....###
#.....#
#.#.#.######
#.#........#
#.###.####.####
####.S...##......#
#.....@.###.#.#..##
#.......# #.......#
#.......# #...#...#
#........#
#...#...#
#.###.....#
#.......# # #.....#
#.......# #.....#
##.#.##.# .######
#......# ###.####


You could see an adder.

Vanquished Creatures
  An ooze (D:2)
  A ball python (D:1)
  A giant cockroach (D:2)
  3 goblins
  2 hobgoblins (D:1)
  3 bats
  A giant newt (D:1)
  7 kobolds
  11 rats
30 creatures vanquished.

Notes
Turn   | Place    | Note
--------------------------------------------------------------
     0 | D:1      | alexvicegrab the Vine Stalker Conjurer began the quest for the Orb.
     0 | D:1      | Reached XP level 1. HP: 9/9 MP: 4/4
   223 | D:1      | Reached XP level 2. HP: 13/13 MP: 4/6
   227 | D:1      | Learned a level 2 spell: Searing Ray
   885 | D:2      | Reached XP level 3. HP: 16/16 MP: 2/7
   890 | D:2      | Learned a level 3 spell: Dazzling Spray
   939 | D:2      | Found a white marble altar of Elyvilon.
   942 | D:2      | Found a shadowy altar of Dithmenos.
   942 | D:2      | Found a sacrificial altar of Ru.
   943 | D:2      | Found a shimmering altar of Xom.
   943 | D:2      | Found a burning altar of Makhleb.
   944 | D:2      | Found an iron altar of Okawaru.
   973 | D:2      | Became a worshipper of Ru the Awakened
  1098 | D:2      | Slain by an adder

Action                   || total
-------------------------++-------
Melee: Unarmed           ||     3
       Hunting sling     ||     6
 Cast: Magic Dart        ||    62
  Use: Scroll            ||     3
  Eat: Chunk             ||     1
